 Dungeon Crawl Stone Soup version 0.17-a0-1920-gafa4d75 (webtiles) character file.

246 Japsu the Shield-Bearer (level 5, -4/47 HPs)
             Began as a Minotaur Fighter on Sept 27, 2015.
             Was an Initiate of Trog.
             Killed from afar by an orc wizard (7 damage)
             ... with a puff of flame
             ... on level 4 of the Dungeon.
             The game lasted 00:19:49 (2862 turns).

Japsu the Shield-Bearer (Minotaur Fighter)          Turns: 2862, Time: 00:19:49

Health: -4/47      AC:  8    Str: 21    XL:     5   Next: 84%
Magic:  4/4        EV:  8    Int:  5    God:    Trog [......]
Gold:   165        SH:  0    Dex: 10    Spells: 0 memorised, 4 levels left

rFire  . . .     SeeInvis .     a - +0 long sword
rCold  + . .     Clarity  .     b - +0 scale mail
rNeg   . . .     SustAt   .     c - +0 shield
rPois  +         Gourm    .     (helmet restricted)
rElec  .         Spirit   .     (no cloak)
rCorr  .         Warding  .     q - +0 pair of gloves
rMut   .         Stasis   .     (no boots)
MR     .....                    (no amulet)
Stlth  ..........               i - ring of protection from cold
                                l - ring of poison resistance

@: confused, not resistant to hostile enchantments, extremely unstealthy
A: retaliatory headbutt, horns 2
a: Burn Spellbooks, Renounce Religion


You were on level 4 of the Dungeon.
You worshipped Trog.
Trog was noncommittal.
You were hungry.

You visited 2 branches of the dungeon, and saw 5 of its levels.

You collected 165 gold pieces.

Inventory:

Hand weapons
 a - a +0 long sword (weapon)
 o - a +0 great sword
Armour
 b - a +0 scale mail (worn)
 c - a +0 shield (worn)
 k - a cursed +0 chain mail
 q - a +0 pair of gloves (worn)
 s - a +0 scale mail
Jewellery
 f - an uncursed ring of wizardry
 i - a ring of protection from cold (right hand)
 l - a ring of poison resistance (left hand)
 x - a cursed amulet of inaccuracy {unknown}
 z - an uncursed ring of ice
Scrolls
 m - a scroll of noise
 n - 2 scrolls of recharging
 u - 3 scrolls of remove curse
Potions
 d - a potion of might
 g - 2 potions of haste {unknown}
 h - 2 potions of agility {unknown}
 j - a potion of brilliance {unknown}
 p - a potion of experience {unknown}
 v - 3 potions of curing {unknown}
 w - a potion of cure mutation {unknown}
 A - a potion of cancellation {unknown}
Comestibles
 e - a bread ration
 r - a meat ration
 t - 2 beef jerkies


   Skills:
 + Level 4.4 Fighting
 * Level 4.4 Long Blades
 + Level 4.8 Armour
 + Level 1.5 Dodging
 + Level 5.1 Shields


You had 4 spell levels left.
You didn't know any spells.

Dungeon Overview and Level Annotations

Branches:
Dungeon (4/15)             Temple (1/1) D:4

Altars:
Ashenzari
Dithmenos
Elyvilon
Fedhas
Kikubaaqudgha
Trog
Xom
Yredelemnul
Zin
The Shining One

Shops:
D:4 (:


Innate Abilities, Weirdness & Mutations

You reflexively headbutt those who attack you in melee.
You have a pair of horns on your head.


Message History

Trog accepts your kill.
The orc throws a tomahawk.
You block the tomahawk. Something hits you but does no damage.
You slash the orc!
You kill the orc!
Trog accepts your kill.
You hear some strange, mumbled words.
A magic dart appears from out of thin air!
The magic dart hits you!
* * * LOW HITPOINT WARNING * * *
Something hits you but does no damage. You block its attack.
You hear some strange, mumbled words.
You are confused.
A magic dart appears from out of thin air!
The magic dart hits you!
* * * LOW HITPOINT WARNING * * *
A puff of flame appears from out of thin air!
The puff of flame hits you!
You die...

########## ######
####.....##..
#.....########............
#.....##.................
#......#.#.###.###.#.....
#........#...#.#...#.....
#.......@###.#.#.###.....
#...(....................
#........###.#.#.###.....
##......#.#.#.....#.#.....
#.........#.###.###.#.....
#.#)(##.................#.
# #)###.....#.#.#.........
#. #.###.#...###....... ..
#.# #.###..###......


There were no monsters in sight!

Vanquished Creatures
  A jelly (D:4)
  An orc priest (D:4)
  A worker ant (D:4)
  An orc wizard (D:3)
  3 gnolls (D:3)
  An adder (D:3)
  4 oozes
  2 worms
  4 giant geckos
  7 orcs
  4 ball pythons
  3 giant cockroaches
  4 goblins
  10 hobgoblins
  A jackal (D:3)
  2 kobolds
  3 quokkas (D:3)
  6 bats
  A giant newt (D:3)
  4 rats
63 creatures vanquished.

Notes
Turn   | Place    | Note
--------------------------------------------------------------
     0 | D:1      | Japsu the Minotaur Fighter began the quest for the Orb.
     0 | D:1      | Reached XP level 1. HP: 19/19 MP: 0/0
   130 | D:1      | Reached skill level 4 in Shields
   174 | D:1      | Reached XP level 2. HP: 20/27 MP: 1/1
   791 | D:1      | Reached XP level 3. HP: 33/33 MP: 2/2
  1723 | D:3      | Reached XP level 4. HP: 38/40 MP: 3/3
  1739 | D:3      | Reached skill level 1 in Dodging
  1959 | D:3      | Reached XP level 5. HP: 46/46 MP: 4/4
  2172 | D:3      | Found a glowing silver altar of Zin.
  2172 | D:3      | Found a glowing golden altar of the Shining One.
  2173 | D:3      | Found a white marble altar of Elyvilon.
  2195 | D:3      | Became a worshipper of the Shining One
  2298 | D:4      | Found Lika Wus's Book Shop.
  2356 | D:4      | Found a staircase to the Ecumenical Temple.
  2365 | Temple   | Entered the Ecumenical Temple
  2366 | Temple   | Fell from the grace of the Shining One
  2455 | Temple   | Became a worshipper of Trog the Wrathful
  2600 | D:4      | Reached skill level 5 in Shields
  2639 | D:4      | Found Petudwae's Antique Weapon Shop.
  2862 | D:4      | Killed from afar by an orc wizard

Vault maps used:
D:1:      lightli_arrival_statue_moat, kennysheep_flooded_box,
          minmay_misc_feat_rows, minivault_14, st_stairs_14
D:2:      first_bread, uniq_natasha
D:3:      good_gods_temple_1, lemuel_old_faithful
D:4:      grunt_temple_overflow_opulence, minmay_temple_entry_poolview,
          serial_shops, nicolae_shop_temple_entry_statues_fountains,
          nicolae_shop_waterfront, minmay_misc_feat_ornament,
          minmay_misc_feat_roman, minmay_crystal_water
Temple:   temple_island_7

Action                   |  1- 3 |  4- 6 || total
-------------------------+-------+-------++-------
Melee: Long sword        |   104 |    84 ||   188
       Great sword       |     3 |       ||     3
Invok: Renounce Religion |       |     1 ||     1
  Use: Scroll            |     3 |     3 ||     6
  Eat: Bread ration      |     1 |       ||     1
       Chunk             |     1 |       ||     1
